AoeStats
← sorry

MegaRandom

505286279Analyzed
2v2 RM · 25d ago on Sep 8, 2026· 59m 59s· 4 players
Game mode
Random Map
Map size
Medium (4 player)
Population
200
Speed
Normal
Resources
Standard
Victory
Conquest
Starting age
Dark Age
Ending age
Imperial Age
RankedLock teamsTeams togetherTeam positionsShared explorationLock speedFull tech treeHidden civsTurbo modeCheats
Victory
Defeat
🇮🇹 Sicilians · Italy
822
+13
🇳🇴 Spanish · Norway
688
+19
🇳🇴 Sicilians · Norway
802
-20
🇳🇴 Portuguese · Norway
703
-14
sorry
12:54 Feudal Age
12:00 Loom
18:14 Castle Age
18:29 Stone Mining
22:41 Horse Collar
26:23 Fletching
29:43 Bodkin Arrow
42:45 Imperial Age
sour nipples
2:35 Loom
11:21 Feudal Age
11:28 Feudal Age
14:22 Double-Bit Axe
22:09 Fletching
28:48 Castle Age
27:49 Stone Mining
28:36 Gold Mining
30:00 Horse Collar
30:33 Bow Saw
30:45 Heavy Plow
31:32 Gold Shaft Mining
32:07 Wheelbarrow
39:59 Imperial Age
38:56 Hand Cart
41:23 Hoardings
41:23 Murder Holes
43:18 Forging
43:03 Bodkin Arrow
43:55 Crop Rotation
43:30 Cavalier
44:11 Husbandry
44:22 Bloodlines
46:23 Elite Serjeant
51:05 Iron Casting
51:05 Conscription
51:21 Hoardings
58:45 Iron Casting
58:23 Pikeman
58:49 Gambesons
60:10 Squires
filippo.samer
13:20 Feudal Age
14:14 Horse Collar
14:24 Double-Bit Axe
17:15 Wheelbarrow
20:43 Castle Age
19:24 Wheelbarrow
21:41 Heavy Plow
22:28 Bow Saw
23:11 Squires
24:20 Stone Mining
25:19 Padded Archer Armor
25:10 Fletching
25:21 Scale Mail Armor
26:30 Hand Cart
29:14 Stone Shaft Mining
28:29 Gold Mining
35:01 Imperial Age
32:53 Chain Mail Armor
32:48 Forging
32:54 Leather Archer Armor
32:35 Bodkin Arrow
36:46 Elite Serjeant
36:47 Pikeman
39:22 Iron Casting
40:19 Plate Mail Armor
44:19 Crop Rotation
44:52 Blast Furnace
43:54 Bracer
44:59 Chemistry
44:11 Masonry
44:48 Halberdier
54:59 First Crusade
KoN_Air
12:48 Feudal Age
18:49 Castle Age
17:20 Double-Bit Axe
27:55 Loom
29:23 Wheelbarrow
30:33 Town Watch
33:36 Arson
33:52 Squires
34:46 Hand Cart
38:01 Bow Saw
41:33 Pikeman
43:00 Town Patrol
42:50 Horse Collar
49:33 Heavy Plow
49:38 Murder Holes
50:06 Ballistics
49:56 Fortified Wall
49:58 Masonry
55:48 Imperial Age
56:02 Gold Mining
57:22 Stone Mining
Connection lost

Rejoining the realm…

Still unreachable

The connection could not be restored.

Session expired

The server has moved on; the page needs a fresh start.